AoeStats
← 不摇碧莲

Arena

510766664Analyzed
2v2 RM · 1d ago on Oct 2, 2026· 35m 42s· 4 players
Game mode
Random Map
Map size
Medium (4 player)
Population
200
Speed
Normal
Resources
Standard
Victory
Conquest
Starting age
Dark Age
Ending age
Imperial Age
RankedLock teamsTeams togetherTeam positionsShared explorationLock speedFull tech treeHidden civsTurbo modeCheats
Victory
Defeat
🇨🇳 Teutons · China
1298
+14
🇨🇳 Dravidians · China
1273
+14
🇹🇷 Chinese · Türkiye
1249
-14
🇫🇷 Mongols · France
1238
-14
notagoodplayer
0:31 Loom
10:55 Feudal Age
15:38 Castle Age
14:25 Fletching
23:57 Double-Bit Axe
23:55 Horse Collar
25:02 Wheelbarrow
30:19 Bodkin Arrow
31:31 Padded Archer Armor
31:45 Bow Saw
31:49 Gold Mining
31:50 Stone Mining
33:12 Ballistics
33:41 Leather Archer Armor
35:38 Hand Cart
35:08 Town Watch
Atès
10:51 Feudal Age
11:30 Horse Collar
11:36 Double-Bit Axe
14:13 Castle Age
19:29 Loom
28:41 Wheelbarrow
31:38 Imperial Age
29:49 Forging
29:45 Scale Barding Armor
29:55 Fletching
30:31 Hand Cart
30:49 Padded Archer Armor
31:19 Ballistics
32:44 Conscription
31:46 Heavy Camel Rider
33:09 Iron Casting
32:49 Leather Archer Armor
33:07 Bloodlines
33:33 Husbandry
34:14 Bow Saw
33:27 Capped Ram
34:01 Elite Skirmisher
不摇碧莲
6:26 Loom
8:59 Feudal Age
10:55 Fletching
14:54 Horse Collar
16:36 Double-Bit Axe
24:22 Castle Age
23:05 Gold Mining
25:43 Wheelbarrow
32:25 Imperial Age
34:12 Block Printing
34:45 Conscription
34:36 Bodkin Arrow
34:44 Squires
35:41 Hand Cart
35:37 Bow Saw
35:01 Pikeman
35:53 Scale Barding Armor
35:58 Forging
36:00 Bloodlines
36:19 Crenellations
35:31 Cavalier
lanlinxxs
10:03 Feudal Age
11:44 Double-Bit Axe
14:02 Castle Age
12:21 Horse Collar
20:53 Heavy Plow
21:53 Bow Saw
22:20 Wheelbarrow
23:47 Gold Mining
23:47 Stone Mining
27:59 Imperial Age
25:51 Fletching
26:02 Padded Archer Armor
26:31 Hand Cart
26:01 Loom
26:02 Town Watch
26:28 Stone Mining
26:58 Bodkin Arrow
27:26 Ballistics
27:57 Leather Archer Armor
28:37 Thumb Ring
28:04 Elite Elephant Archer
28:58 Husbandry
29:02 Bracer
30:15 Chemistry
30:11 Conscription
30:33 Coinage
32:34 Ring Archer Armor
33:46 Two-Man Saw
33:40 Guilds
34:01 Banking
33:43 Guilds
Connection lost

Rejoining the realm…

Still unreachable

The connection could not be restored.

Session expired

The server has moved on; the page needs a fresh start.